TOP OF THE 1ST |
Remsen Alphas batting - Pitching for Paynesville Pyramids : LHP Eduardo Reyes
|
Pitching: LHP Eduardo Reyes
|
|
Batting: SHB Cliff Hale
|
0-0: Ball 1-0: Ball 2-0: Called Strike 2-1: Foul Ball, location: 2F 2-2: Strikes out swinging
|
Batting: LHB Keith Alexander
|
0-0: Called Strike 0-1: Foul Ball, location: 2F 0-2: Ground out 4-3 (Groundball, 4)
|
Batting: RHB Bryan Wilson
|
0-0: Ball 1-0: Ball 2-0: Fly out, F5 (Line Drive, 56)
|
Top of the 1st over - 0 run(s), 0 hit(s), 0 error(s), 0 left on base; Remsen 0 - Paynesville 0 |
BOTTOM OF THE 1ST |
Paynesville Pyramids batting - Pitching for Remsen Alphas : RHP Fernando Reyna
|
Pitching: RHP Fernando Reyna
|
|
Batting: SHB Evan Adams
|
0-0: Ground out 5-3 (Groundball, 5L)
|
Batting: LHB Greg Robinson
|
0-0: Ball 1-0: Ball 2-0: Called Strike 2-1: SINGLE (Line Drive, 78S)
|
Batting: RHB Todd Blake
|
0-0: Ball Greg Robinson is caught stealing 2nd base 1-0: Foul Ball, location: 2F 1-1: Ball 2-1: Foul Ball, location: 2F 2-2: Strikes out swinging
|
Bottom of the 1st over - 0 run(s), 1 hit(s), 0 error(s), 0 left on base; Remsen 0 - Paynesville 0 |
TOP OF THE 2ND |
Remsen Alphas batting - Pitching for Paynesville Pyramids : LHP Eduardo Reyes
|
Batting: LHB Félix López
|
0-0: Called Strike 0-1: DOUBLE (Groundball, 5L)
|
Batting: RHB Rafael Herrera
|
0-0: Foul Ball, location: 2F 0-1: Ball 1-1: Fly out, F3 (Popup, 34)
|
Batting: RHB José Magana
|
0-0: Called Strike 0-1: SINGLE (Groundball, 6MD) Félix López to third
|
Batting: RHB Manuel Martínez
|
0-0: Foul Ball, location: 2F 0-1: Called Strike 0-2: Fly out, F9 (Flyball, 9LSF) Runner from 3rd tags up, SCORES, no throw
|
Batting: RHB Juan Salinas
|
0-0: Foul Ball, location: 2F 0-1: Ball 1-1: Foul Ball, location: 2F 1-2: Foul Ball, location: 2F 1-2: Strikes out swinging
|
Top of the 2nd over - 1 run(s), 2 hit(s), 0 error(s), 1 left on base; Remsen 1 - Paynesville 0 |
BOTTOM OF THE 2ND |
Paynesville Pyramids batting - Pitching for Remsen Alphas : RHP Fernando Reyna
|
Batting: RHB Bill Dennis
|
0-0: Ball 1-0: Ball 2-0: Swinging Strike 2-1: Swinging Strike 2-2: Ground out 4-3 (Groundball, 4S)
|
Batting: RHB Eddie O'Bryan
|
0-0: Foul Ball, location: 2F 0-1: Fly out, F8 (Flyball, 78M)
|
Batting: LHB Thatcher Douglas
|
0-0: Called Strike 0-1: Ball 1-1: Foul Ball, location: 2F 1-2: Ball 2-2: Ball 3-2: DOUBLE (Line Drive, 9LS) - OUT at third base trying to stretch hit.
|
Bottom of the 2nd over - 0 run(s), 1 hit(s), 0 error(s), 0 left on base; Remsen 1 - Paynesville 0 |
TOP OF THE 3RD |
Remsen Alphas batting - Pitching for Paynesville Pyramids : LHP Eduardo Reyes
|
Batting: RHB Bert Motevassel
|
0-0: Called Strike 0-1: Called Strike 0-2: Ball 1-2: SINGLE (Groundball, 56D)
|
Batting: SHB Cliff Hale
|
0-0: Ball 1-0: Called Strike 1-1: Ball 2-1: Ball 3-1: Foul Ball, location: 2F 3-2: Base on Balls Bert Motevassel to second
|
Batting: LHB Keith Alexander
|
0-0: Foul Ball, location: 2F 0-1: Foul Ball, location: 2F 0-2: Ball 1-2: Ball 2-2: Fielders Choice at 2nd, 4-6 (Groundball, 4) Bert Motevassel to third
|
Batting: RHB Bryan Wilson
|
0-0: Ball Keith Alexander steals 2nd base 1-0: Called Strike 1-1: Ball 2-1: Ball 3-1: Base on Balls
|
Batting: LHB Félix López
|
0-0: Ball 1-0: Foul Ball, location: 2F 1-1: Grounds into double play, 4-6-3 (Groundball, 4)
|
Top of the 3rd over - 0 run(s), 1 hit(s), 0 error(s), 2 left on base; Remsen 1 - Paynesville 0 |
BOTTOM OF THE 3RD |
Paynesville Pyramids batting - Pitching for Remsen Alphas : RHP Fernando Reyna
|
Batting: RHB Javier Díaz
|
0-0: Ball 1-0: Foul Ball, location: 2F 1-1: Bunt missed! 1-2: Ball 2-2: Hit by Pitch
|
Batting: LHB José Durán
|
0-0: Ball 1-0: Grounds into double play, 6-4-3 (Groundball, 6)
|
Batting: RHB Leonardo Ortega
|
0-0: Ball 1-0: Called Strike 1-1: Ball 2-1: Swinging Strike 2-2: Ball 3-2: Foul Ball, location: 2F 3-2: SINGLE (Line Drive, 9S)
|
Batting: SHB Evan Adams
|
0-0: Ball 1-0: SINGLE (Flyball, 7LS) Leonardo Ortega to second
|
Batting: LHB Greg Robinson
|
0-0: Ball 1-0: Called Strike 1-1: Ball 2-1: Ground out 5-3 (Groundball, 56S)
|
Bottom of the 3rd over - 0 run(s), 2 hit(s), 0 error(s), 2 left on base; Remsen 1 - Paynesville 0 |
TOP OF THE 4TH |
Remsen Alphas batting - Pitching for Paynesville Pyramids : LHP Eduardo Reyes
|
Batting: RHB Rafael Herrera
|
0-0: Called Strike 0-1: Foul Ball, location: 2F 0-2: Ball 1-2: Ground out 4-3 (Groundball, 34)
|
Batting: RHB José Magana
|
0-0: Called Strike 0-1: Swinging Strike 0-2: Strikes out swinging
|
Batting: RHB Manuel Martínez
|
0-0: Ground out 1-3 (Groundball, 15)
|
Top of the 4th over - 0 run(s), 0 hit(s), 0 error(s), 0 left on base; Remsen 1 - Paynesville 0 |
BOTTOM OF THE 4TH |
Paynesville Pyramids batting - Pitching for Remsen Alphas : RHP Fernando Reyna
|
Batting: RHB Todd Blake
|
0-0: Called Strike 0-1: Swinging Strike 0-2: Ball 1-2: Ball 2-2: Strikes out looking
|
Batting: RHB Bill Dennis
|
0-0: Fly out, F2 (Popup, 25F)
|
Batting: RHB Eddie O'Bryan
|
0-0: Foul Ball, location: 2F 0-1: Ball 1-1: Foul Ball, location: 2F 1-2: Strikes out swinging
|
Bottom of the 4th over - 0 run(s), 0 hit(s), 0 error(s), 0 left on base; Remsen 1 - Paynesville 0 |
TOP OF THE 5TH |
Remsen Alphas batting - Pitching for Paynesville Pyramids : LHP Eduardo Reyes
|
Batting: RHB Juan Salinas
|
0-0: Called Strike 0-1: Ball 1-1: Foul Ball, location: 2F 1-2: Strikes out swinging
|
Batting: RHB Bert Motevassel
|
0-0: Ball 1-0: Called Strike 1-1: Called Strike 1-2: Ball 2-2: Ground out 4-3 (Groundball, 34D)
|
Batting: SHB Cliff Hale
|
0-0: Called Strike 0-1: Ball 1-1: Ball 2-1: Called Strike 2-2: Foul Ball, location: 2F 2-2: Fly out, F9 (Flyball, 9M)
|
Top of the 5th over - 0 run(s), 0 hit(s), 0 error(s), 0 left on base; Remsen 1 - Paynesville 0 |
BOTTOM OF THE 5TH |
Paynesville Pyramids batting - Pitching for Remsen Alphas : RHP Fernando Reyna
|
Batting: LHB Thatcher Douglas
|
0-0: Called Strike 0-1: Bunt missed! 0-2: Ball 1-2: Ball 2-2: Fly out, F9 (Flyball, 9M)
|
Batting: RHB Javier Díaz
|
0-0: Called Strike 0-1: Ground out 5-3 (Groundball, 56S)
|
Batting: LHB José Durán
|
0-0: Called Strike 0-1: Ball 1-1: Swinging Strike 1-2: Strikes out swinging
|
Bottom of the 5th over - 0 run(s), 0 hit(s), 0 error(s), 0 left on base; Remsen 1 - Paynesville 0 |
TOP OF THE 6TH |
Remsen Alphas batting - Pitching for Paynesville Pyramids : LHP Eduardo Reyes
|
Batting: LHB Keith Alexander
|
0-0: Ball 1-0: Ball 2-0: Ball 3-0: Called Strike 3-1: Foul Ball, location: 2F 3-2: SINGLE (Groundball, 34D)
|
Batting: RHB Bryan Wilson
|
0-0: Called Strike 0-1: Called Strike Pickoff Throw by Catcher to First - Out! 0-2: Ball 1-2: Strikes out swinging
|
Batting: LHB Félix López
|
0-0: Called Strike 0-1: Ball 1-1: Swinging Strike 1-2: Ground out 6-3 (Groundball, 6M)
|
Top of the 6th over - 0 run(s), 1 hit(s), 0 error(s), 0 left on base; Remsen 1 - Paynesville 0 |
BOTTOM OF THE 6TH |
Paynesville Pyramids batting - Pitching for Remsen Alphas : RHP Fernando Reyna
|
Batting: RHB Leonardo Ortega
|
0-0: Called Strike 0-1: Ball 1-1: Ball 2-1: Called Strike 2-2: Fly out, F3 (Popup, 3F)
|
Batting: SHB Evan Adams
|
0-0: Ball 1-0: Called Strike 1-1: Ground out 5-3 (Groundball, 5S)
|
Batting: LHB Greg Robinson
|
0-0: Hit by Pitch
|
Batting: RHB Todd Blake
|
0-0: Ground out 5-3 (Groundball, 5S)
|
Bottom of the 6th over - 0 run(s), 0 hit(s), 0 error(s), 1 left on base; Remsen 1 - Paynesville 0 |
TOP OF THE 7TH |
Remsen Alphas batting - Pitching for Paynesville Pyramids : LHP Eduardo Reyes
|
Batting: RHB Rafael Herrera
|
0-0: Ball 1-0: Called Strike 1-1: Called Strike 1-2: Ball 2-2: Foul Ball, location: 2F 2-2: Ball 3-2: Foul Ball, location: 2F 3-2: Foul Ball, location: 2F 3-2: Foul Ball, location: 2F 3-2: Ground out 1-3 (Groundball, 23)
|
Pitching: RHP Steve Bryan
|
|
Batting: RHB José Magana
|
0-0: Called Strike 0-1: Foul Ball, location: 2F 0-2: Ball 1-2: Foul Ball, location: 2F 1-2: Foul Ball, location: 2F 1-2: Strikes out swinging
|
Batting: RHB Manuel Martínez
|
0-0: Called Strike 0-1: Ball 1-1: Foul Ball, location: 2F 1-2: Strikes out looking
|
Top of the 7th over - 0 run(s), 0 hit(s), 0 error(s), 0 left on base; Remsen 1 - Paynesville 0 |
BOTTOM OF THE 7TH |
Paynesville Pyramids batting - Pitching for Remsen Alphas : RHP Fernando Reyna
|
Batting: RHB Bill Dennis
|
0-0: Ball 1-0: Called Strike 1-1: Ball 2-1: Called Strike 2-2: Hit by Pitch
|
Pinch Hitting: LHB Jim Unknown
|
0-0: Ball 1-0: Foul Ball, location: 2F 1-1: SINGLE (Groundball, 4MD) Bill Dennis to second Runner from 2nd tries for 3rd, SAFE, no throw or cutoff
|
Pinch Hitting: RHB Justin Miles
|
0-0: DOUBLE (Line Drive, 7LS) Bill Dennis scores Jim Unknown to third Runner from 3rd tries for Home, SAFE, no throw or cutoff
|
Pinch Hitting: RHB Karl Stevens
|
0-0: Intentional Walk
|
Batting: LHB José Durán
|
0-0: Sac Bunt - play at third, runner OUT! 5-6 Karl Stevens to second
|
Batting: RHB Leonardo Ortega
|
0-0: Called Strike 0-1: Called Strike 0-2: Ball 1-2: Fly out, F8 (Flyball, 8LS)
|
Batting: SHB Evan Adams
|
0-0: Ball 1-0: Called Strike 1-1: Called Strike 1-2: Strikes out swinging
|
Bottom of the 7th over - 2 run(s), 2 hit(s), 0 error(s), 2 left on base; Remsen 1 - Paynesville 2 |
TOP OF THE 8TH |
Remsen Alphas batting - Pitching for Paynesville Pyramids : RHP Steve Bryan
|
Now at C: Clarence Teague
|
|
Now at 2B: Bob Curry
|
|
Now at SS: Karl Stevens
|
|
Now in LF: Jim Unknown
|
|
Batting: RHB Juan Salinas
|
0-0: Swinging Strike 0-1: Called Strike 0-2: Ball 1-2: Strikes out swinging
|
Batting: RHB Bert Motevassel
|
0-0: Ball 1-0: Called Strike 1-1: Called Strike 1-2: Ball 2-2: Foul Ball, location: 2F 2-2: Strikes out swinging
|
Batting: SHB Cliff Hale
|
0-0: Ball 1-0: Ball 2-0: Foul Ball, location: 2F 2-1: Called Strike 2-2: Ball 3-2: Base on Balls
|
Pinch Hitting: LHB Jim Unknown
|
0-0: Ball 1-0: Foul Ball, location: 2F 1-1: Called Strike 1-2: Ball 2-2: Foul Ball, location: 2F 2-2: Foul Ball, location: 2F 2-2: Ball 3-2: Ground out 4-3 (Groundball, 4)
|
Top of the 8th over - 0 run(s), 0 hit(s), 0 error(s), 1 left on base; Remsen 1 - Paynesville 2 |
BOTTOM OF THE 8TH |
Paynesville Pyramids batting - Pitching for Remsen Alphas : RHP Fernando Reyna
|
Now at 2B: Jim Unknown
|
|
Batting: LHB Greg Robinson
|
0-0: Called Strike 0-1: Swinging Strike 0-2: Foul Ball, location: 2F 0-2: Ball 1-2: Foul Ball, location: 2F 1-2: Strikes out swinging
|
Batting: RHB Todd Blake
|
0-0: Called Strike 0-1: SINGLE (Flyball, 89S)
|
Batting: RHB Bill Dennis
|
0-0: Called Strike 0-1: Ball 1-1: Ball 2-1: Swinging Strike 2-2: Strikes out swinging
|
Pitching: RHP Bobby Swain
|
|
Batting: LHB Jim Unknown
|
0-0: Ball 1-0: Ball 2-0: Called Strike 2-1: Called Strike 2-2: Foul Ball, location: 2F 2-2: Foul Ball, location: 2F 2-2: Ball 3-2: Base on Balls Todd Blake to second
|
Pinch Hitting: LHB Ron Lee
|
0-0: Called Strike 0-1: Foul Ball, location: 2F 0-2: Ball 1-2: DOUBLE (Groundball, 5L) Todd Blake scores Jim Unknown to third Runner from 3rd tries for Home, SAFE, no throw or cutoff
|
Batting: RHB Karl Stevens
|
0-0: Ball 1-0: Called Strike 1-1: Ball 2-1: Foul Ball, location: 2F 2-2: Strikes out looking
|
Bottom of the 8th over - 2 run(s), 2 hit(s), 0 error(s), 1 left on base; Remsen 1 - Paynesville 4 |
TOP OF THE 9TH |
Remsen Alphas batting - Pitching for Paynesville Pyramids : RHP Steve Bryan
|
Pitching: LHP Tomás Torres
|
|
Now in RF: Ron Lee
|
|
Batting: RHB Bryan Wilson
|
0-0: Ball 1-0: Reached on error, E6 (Groundball, 6)
|
Batting: LHB Félix López
|
0-0: Fly out, F7 (Flyball, 7LM)
|
Batting: RHB Rafael Herrera
|
0-0: Ball 1-0: Fly out, F8 (Flyball, 8LS)
|
Batting: RHB José Magana
|
0-0: Called Strike 0-1: Ball 1-1: Swinging Strike 1-2: Ball 2-2: Strikes out swinging
|
Top of the 9th over - 0 run(s), 0 hit(s), 1 error(s), 1 left on base; Remsen 1 - Paynesville 4 |
|